| TOP OF THE 1ST |
|
Indianapolis Indians batting - Pitching for Evansville Triplets : RHP Chris Codiroli
|
|
Pitching: RHP Chris Codiroli
|
|
|
Batting: SHB Julio Estrada
|
0-0: Called Strike 0-1: Swinging Strike 0-2: Ball 1-2: Fly out, F8 (Flyball, 8LD, EV 106.3 MPH)
|
|
Batting: LHB Roberto Ruiz
|
0-0: Called Strike 0-1: Ball 1-1: TRIPLE (Flyball, 78XD, EV 105.0 MPH)
|
|
Batting: RHB Luis Gonzalez
|
0-0: Foul Ball, location: 2F 0-1: Called Strike 0-2: Strikes out looking
|
|
Batting: LHB Scott Radloff
|
0-0: SINGLE (Line Drive, 8LS, EV 101.9 MPH) Roberto Ruiz scores
|
|
Batting: RHB Pat Rooney
|
0-0: Ball 1-0: Ball 2-0: Ball 3-0: Called Strike 3-1: SINGLE (Flyball, 8RS, EV 89.4 MPH) Scott Radloff to second Runner from 2nd tries for 3rd, SAFE, no throw by CF
|
|
Batting: RHB Steven Campbell
|
0-0: Called Strike 0-1: Fielders Choice at 2nd, U4 (Groundball, 4M, EV 105.6 MPH)
|
| Top of the 1st over - 1 run, 3 hits, 0 errors, 2 left on base; Indianapolis 1 - Evansville 0 |
| BOTTOM OF THE 1ST |
|
Evansville Triplets batting - Pitching for Indianapolis Indians : RHP Mike Cullen
|
|
Pitching: RHP Mike Cullen
|
|
|
Batting: LHB Greg Gross
|
0-0: Swinging Strike 0-1: Called Strike 0-2: Ball 1-2: Strikes out swinging
|
|
Batting: RHB Cory Mihalic
|
0-0: Reached on error, E5 (Groundball, 56S, EV 93.1 MPH)
|
|
Batting: RHB Richard Bass
|
0-0: Ball 1-0: Ball 2-0: Called Strike 2-1: Called Strike 2-2: Foul Ball, location: 2F 2-2: Strikes out swinging
|
|
Batting: RHB Ron Kittle
|
0-0: Ball 1-0: Called Strike 1-1: Ball 2-1: Foul Ball, location: 2F 2-2: Ball 3-2: Foul Ball, location: 2F 3-2: Base on Balls
|
|
Batting: SHB Mickey Tettleton
|
0-0: Called Strike 0-1: Swinging Strike 0-2: Ball 1-2: Ball 2-2: Fly out, F8 (Flyball, 8RD, EV 88.8 MPH)
|
| Bottom of the 1st over - 0 runs, 0 hits, 1 error, 2 left on base; Indianapolis 1 - Evansville 0 |
| TOP OF THE 2ND |
|
Indianapolis Indians batting - Pitching for Evansville Triplets : RHP Chris Codiroli
|
|
Batting: LHB Kevin Schoendienst
|
0-0: SINGLE (Groundball, 6S, EV 73.1 MPH) (infield hit)
|
|
Batting: LHB David Bertulli
|
0-0: Ball 1-0: SINGLE (Groundball, 4MD, EV 105.0 MPH) Kevin Schoendienst to second
|
|
Batting: RHB Frank Estrada
|
0-0: Ball 1-0: Foul Ball, location: 2F 1-1: Fly out, F7 (Flyball, 78D, EV 103.1 MPH) Runner from 2nd tags up, SAFE at 3rd with throw by LF
|
|
Batting: SHB Julio Estrada
|
0-0: Fly out, F7 (Flyball, 7S, EV 83.8 MPH)
|
|
Batting: LHB Roberto Ruiz
|
0-0: Called Strike 0-1: Ball 1-1: Foul Ball, location: 2F 1-2: Strikes out swinging
|
| Top of the 2nd over - 0 runs, 2 hits, 0 errors, 2 left on base; Indianapolis 1 - Evansville 0 |
| BOTTOM OF THE 2ND |
|
Evansville Triplets batting - Pitching for Indianapolis Indians : RHP Mike Cullen
|
|
Batting: RHB Mike Allen
|
0-0: Ground out U3 (Groundball, 34, EV 87.5 MPH)
|
|
Batting: LHB Luis Alfaro
|
0-0: Foul Ball, location: 2F 0-1: Ball 1-1: Swinging Strike 1-2: Strikes out looking
|
|
Batting: RHB Jaden Smith
|
0-0: Ball 1-0: Swinging Strike 1-1: Ball 2-1: Ground out 6-3 (Groundball, 6, EV 84.4 MPH)
|
| Bottom of the 2nd over - 0 runs, 0 hits, 0 errors, 0 left on base; Indianapolis 1 - Evansville 0 |
| TOP OF THE 3RD |
|
Indianapolis Indians batting - Pitching for Evansville Triplets : RHP Chris Codiroli
|
|
Batting: RHB Luis Gonzalez
|
0-0: Called Strike 0-1: Swinging Strike 0-2: Ball 1-2: Strikes out looking
|
|
Batting: LHB Scott Radloff
|
0-0: Called Strike 0-1: SINGLE (Line Drive, 78S, EV 95.0 MPH)
|
|
Batting: RHB Pat Rooney
|
0-0: Ground out 4-3 (Groundball, 34D, EV 101.9 MPH) Scott Radloff to second
|
|
Batting: RHB Steven Campbell
|
0-0: Ball 1-0: Fly out, F9 (Flyball, 9LM, EV 100.6 MPH)
|
| Top of the 3rd over - 0 runs, 1 hit, 0 errors, 1 left on base; Indianapolis 1 - Evansville 0 |
| BOTTOM OF THE 3RD |
|
Evansville Triplets batting - Pitching for Indianapolis Indians : RHP Mike Cullen
|
|
Batting: RHB Ed Jurak
|
0-0: Reached on error, E4 (Groundball, 4S, EV 76.3 MPH)
|
|
Batting: LHB Greg Gross
|
0-0: Ball 1-0: Swinging Strike 1-1: Swinging Strike 1-2: Fly out, F8 (Line Drive, 8RD, EV 88.1 MPH)
|
|
Batting: RHB Cory Mihalic
|
0-0: Ball Ed Jurak steals 3rd base 1-0: Called Strike 1-1: Ground out 6-3 (Groundball, 6, EV 81.9 MPH) Ed Jurak scores
|
|
Batting: RHB Richard Bass
|
0-0: Swinging Strike 0-1: Called Strike 0-2: Ball 1-2: Ball 2-2: Strikes out swinging
|
| Bottom of the 3rd over - 1 run, 0 hits, 1 error, 0 left on base; Indianapolis 1 - Evansville 1 |
| TOP OF THE 4TH |
|
Indianapolis Indians batting - Pitching for Evansville Triplets : RHP Chris Codiroli
|
|
Batting: LHB Kevin Schoendienst
|
0-0: Ball 1-0: Ball 2-0: Foul Ball, location: 2F 2-1: Ball 3-1: Called Strike 3-2: Ground out 3-1 (Groundball, 34, EV 105.0 MPH)
|
|
Batting: LHB David Bertulli
|
0-0: Ground out 6-3 (Groundball, 6, EV 97.5 MPH)
|
|
Batting: RHB Frank Estrada
|
0-0: Called Strike 0-1: Ball 1-1: Called Strike 1-2: Fly out, F7 (Flyball, 78S, EV 90.0 MPH)
|
| Top of the 4th over - 0 runs, 0 hits, 0 errors, 0 left on base; Indianapolis 1 - Evansville 1 |
| BOTTOM OF THE 4TH |
|
Evansville Triplets batting - Pitching for Indianapolis Indians : RHP Mike Cullen
|
|
Batting: RHB Ron Kittle
|
0-0: Ball 1-0: SOLO HOME RUN (Flyball, 7D, EV 103.1 MPH), Distance : 372 ft
|
|
Batting: SHB Mickey Tettleton
|
0-0: Called Strike 0-1: Foul Ball, location: 2F 0-2: Ball 1-2: Fly out, F8 (Flyball, 8RS, EV 81.9 MPH)
|
|
Batting: RHB Mike Allen
|
0-0: Swinging Strike 0-1: Called Strike 0-2: Ball 1-2: Strikes out looking
|
|
Batting: LHB Luis Alfaro
|
0-0: Ball 1-0: Foul Ball, location: 2F 1-1: Ball 2-1: DOUBLE (Line Drive, 3D, EV 105.0 MPH)
|
|
Batting: RHB Jaden Smith
|
0-0: Foul Ball, location: 2F 0-1: Called Strike 0-2: Foul Ball, location: 2F 0-2: Ball 1-2: Ball 2-2: Foul Ball, location: 2F 2-2: Foul Ball, location: 2F 2-2: Ball 3-2: Base on Balls
|
|
Batting: RHB Ed Jurak
|
0-0: Foul Ball, location: 2F 0-1: Ball 1-1: Ball 2-1: Foul Ball, location: 2F 2-2: Ball 3-2: Strikes out swinging
|
| Bottom of the 4th over - 1 run, 2 hits, 0 errors, 2 left on base; Indianapolis 1 - Evansville 2 |
| TOP OF THE 5TH |
|
Indianapolis Indians batting - Pitching for Evansville Triplets : RHP Chris Codiroli
|
|
Batting: SHB Julio Estrada
|
0-0: Foul Ball, location: 2F 0-1: Ground out 4-3 (Groundball, 4, EV 105.0 MPH)
|
|
Batting: LHB Roberto Ruiz
|
0-0: Ground out 4-3 (Groundball, 34D, EV 108.1 MPH)
|
|
Batting: RHB Luis Gonzalez
|
0-0: Swinging Strike 0-1: Ball 1-1: Called Strike 1-2: Ground out 1-3 (Groundball, 34S, EV 71.9 MPH)
|
| Top of the 5th over - 0 runs, 0 hits, 0 errors, 0 left on base; Indianapolis 1 - Evansville 2 |
| BOTTOM OF THE 5TH |
|
Evansville Triplets batting - Pitching for Indianapolis Indians : RHP Mike Cullen
|
|
Batting: LHB Greg Gross
|
0-0: Ball 1-0: Swinging Strike 1-1: Ball 2-1: Foul Ball, location: 2F 2-2: Ground out 5-3 (Groundball, 56S, EV 86.9 MPH)
|
|
Batting: RHB Cory Mihalic
|
0-0: Ground out 1-3 (Groundball, P, EV 66.3 MPH)
|
|
Batting: RHB Richard Bass
|
0-0: Swinging Strike 0-1: Ball 1-1: Ball 2-1: Ball 3-1: DOUBLE (Line Drive, 9D, EV 105.6 MPH)
|
|
Batting: RHB Ron Kittle
|
0-0: Ground out 5-3 (Groundball, 5L, EV 106.9 MPH)
|
| Bottom of the 5th over - 0 runs, 1 hit, 0 errors, 1 left on base; Indianapolis 1 - Evansville 2 |
| TOP OF THE 6TH |
|
Indianapolis Indians batting - Pitching for Evansville Triplets : RHP Chris Codiroli
|
|
Batting: LHB Scott Radloff
|
0-0: Called Strike 0-1: Fly out, F8 (Flyball, 8LM, EV 91.3 MPH)
|
|
Batting: RHB Pat Rooney
|
0-0: Ball 1-0: Foul Ball, location: 2F 1-1: Swinging Strike 1-2: Strikes out looking
|
|
Batting: RHB Steven Campbell
|
0-0: Ball 1-0: Called Strike 1-1: Foul Ball, location: 2F 1-2: Ball 2-2: SINGLE (Groundball, 6MD, EV 99.4 MPH)
|
|
Batting: LHB Kevin Schoendienst
|
0-0: Called Strike 0-1: Called Strike 0-2: Ball 1-2: Ball Steven Campbell steals 2nd base 2-2: Ball 3-2: Base on Balls
|
|
Batting: LHB David Bertulli
|
0-0: SINGLE (Groundball, P, EV 81.3 MPH) (infield hit) Steven Campbell to third Kevin Schoendienst to second
|
|
Batting: RHB Frank Estrada
|
0-0: Fly out, F9 (Flyball, 89D, EV 100.6 MPH)
|
| Top of the 6th over - 0 runs, 2 hits, 0 errors, 3 left on base; Indianapolis 1 - Evansville 2 |
| BOTTOM OF THE 6TH |
|
Evansville Triplets batting - Pitching for Indianapolis Indians : RHP Mike Cullen
|
|
Batting: SHB Mickey Tettleton
|
0-0: Called Strike 0-1: Ball 1-1: Swinging Strike 1-2: Foul Ball, location: 2F 1-2: Ball 2-2: Foul Ball, location: 2F 2-2: Strikes out looking
|
|
Batting: RHB Mike Allen
|
0-0: Called Strike 0-1: Foul Ball, location: 2F 0-2: Fly out, F7 (Flyball, 7, EV 78.8 MPH)
|
|
Batting: LHB Luis Alfaro
|
0-0: Called Strike 0-1: Ball 1-1: Swinging Strike 1-2: Foul Ball, location: 2F 1-2: Ball 2-2: Foul Ball, location: 2F 2-2: Foul Ball, location: 2F 2-2: Ball 3-2: Foul Ball, location: 2F 3-2: SINGLE (Groundball, 6MD, EV 106.9 MPH)
|
|
Batting: RHB Jaden Smith
|
0-0: Ball 1-0: Fly out, F8 (Line Drive, 8RM, EV 93.8 MPH)
|
| Bottom of the 6th over - 0 runs, 1 hit, 0 errors, 1 left on base; Indianapolis 1 - Evansville 2 |
| TOP OF THE 7TH |
|
Indianapolis Indians batting - Pitching for Evansville Triplets : RHP Chris Codiroli
|
|
Batting: SHB Julio Estrada
|
0-0: Ball 1-0: Fly out, F8 (Flyball, 78D, EV 90.0 MPH)
|
|
Batting: LHB Roberto Ruiz
|
0-0: Ball 1-0: Ball 2-0: Ball 3-0: Called Strike 3-1: Ground out 6-3 (Groundball, 6, EV 105.6 MPH)
|
|
Batting: RHB Luis Gonzalez
|
0-0: Foul Ball, location: 2F 0-1: Foul Ball, location: 2F 0-2: Ball 1-2: Ground out 4-3 (Groundball, 13, EV 80.6 MPH)
|
| Top of the 7th over - 0 runs, 0 hits, 0 errors, 0 left on base; Indianapolis 1 - Evansville 2 |
| BOTTOM OF THE 7TH |
|
Evansville Triplets batting - Pitching for Indianapolis Indians : RHP Mike Cullen
|
|
Batting: RHB Ed Jurak
|
0-0: Called Strike 0-1: Foul Ball, location: 2F 0-2: Strikes out swinging
|
|
Batting: LHB Greg Gross
|
0-0: Reached on error, E3 (Groundball, 34, EV 103.8 MPH)
|
|
Batting: RHB Cory Mihalic
|
0-0: Swinging Strike 0-1: Ball 1-1: SINGLE (Line Drive, 89S, EV 106.3 MPH) Greg Gross to third Runner from 3rd tries for Home, SAFE, throw by CF to home
|
|
Batting: RHB Richard Bass
|
0-0: Called Strike 0-1: Grounds into double play, 4-6-3 (Groundball, 34, EV 86.3 MPH)
|
| Bottom of the 7th over - 1 run, 1 hit, 1 error, 0 left on base; Indianapolis 1 - Evansville 3 |
| TOP OF THE 8TH |
|
Indianapolis Indians batting - Pitching for Evansville Triplets : RHP Chris Codiroli
|
|
Pitching: LHP Randy Niemann
|
|
|
Batting: LHB Scott Radloff
|
0-0: Ball 1-0: Ball 2-0: Foul Ball, location: 2F 2-1: Foul Ball, location: 2F 2-2: Strikes out swinging
|
|
Batting: RHB Pat Rooney
|
0-0: Fly out, F7 (Flyball, 7LM, EV 101.9 MPH)
|
|
Batting: RHB Steven Campbell
|
0-0: Called Strike 0-1: Ball 1-1: Ball 2-1: Ground out 5-3 (Groundball, 56, EV 87.5 MPH)
|
| Top of the 8th over - 0 runs, 0 hits, 0 errors, 0 left on base; Indianapolis 1 - Evansville 3 |
| BOTTOM OF THE 8TH |
|
Evansville Triplets batting - Pitching for Indianapolis Indians : RHP Mike Cullen
|
|
Batting: RHB Ron Kittle
|
0-0: Ball 1-0: Foul Ball, location: 2F 1-1: Foul Ball, location: 2F 1-2: SINGLE (Groundball, 6MD, EV 101.9 MPH)
|
|
Batting: SHB Mickey Tettleton
|
0-0: Ball 1-0: Ball 2-0: Called Strike 2-1: Ball 3-1: Foul Ball, location: 2F 3-2: Foul Ball, location: 2F 3-2: Strikes out swinging
|
|
Batting: RHB Mike Allen
|
0-0: Ball 1-0: Ball 2-0: Called Strike 2-1: Fly out, F8 (Flyball, 89M, EV 81.3 MPH)
|
|
Batting: LHB Luis Alfaro
|
0-0: Called Strike 0-1: Foul Ball, location: 2F 0-2: Ball 1-2: Foul Ball, location: 2F 1-2: Ground out U3 (Groundball, 34S, EV 78.8 MPH)
|
| Bottom of the 8th over - 0 runs, 1 hit, 0 errors, 1 left on base; Indianapolis 1 - Evansville 3 |
| TOP OF THE 9TH |
|
Indianapolis Indians batting - Pitching for Evansville Triplets : LHP Randy Niemann
|
|
Batting: LHB Kevin Schoendienst
|
0-0: Called Strike 0-1: Fly out, F9 (Flyball, 9S, EV 83.1 MPH)
|
|
Batting: LHB David Bertulli
|
0-0: Ball 1-0: Ground out 4-3 (Groundball, 4, EV 79.4 MPH)
|
|
Batting: RHB Frank Estrada
|
0-0: Ball 1-0: SINGLE (Groundball, 6D, EV 98.8 MPH)
|
|
Batting: SHB Julio Estrada
|
0-0: Called Strike 0-1: Foul Ball, location: 2F 0-2: Foul Ball, location: 2F 0-2: Strikes out swinging
|
| Top of the 9th over - 0 runs, 1 hit, 0 errors, 1 left on base; Indianapolis 1 - Evansville 3 |
|